 Seeded DCSS version 0.29.1-15-g9cfb28693d (webtiles) character file.

Game seed: 16245865983455551772 (custom seed)

63 Darius099 the Sneak (level 4, -5/30 HPs)
             Began as an Octopode Brigand on Mar 19, 2023.
             Killed from afar by an orc wizard (9 damage)
             ... with a magic dart
             ... on level 3 of the Dungeon.
             The game lasted 00:05:32 (2072 turns).

Darius099 the Sneak (Octopode Brigand)              Turns: 2072, Time: 00:05:33

Health: -5/30      AC:  1    Str: 10    XL:     4   Next: 10%
Magic:  4/4        EV: 12    Int: 25    God:
Gold:   698        SH:  0    Dex: 15    Spells: 3/3 levels left

rFire   . . .      SeeInvis .   a - +2 dagger
rCold   . . .      Faith    .   (no shield)
rNeg    . . .      Spirit   .   (helmet restricted)
rPois   .          Reflect  .   (no amulet)
rElec   .          Harm     .   h - +6 ring of intelligence
rCorr   .          Rampage  .   i - +6 ring of intelligence
Will    .....                   (no ring)
Stlth   ++........              (no ring)
HPRegen 0.10/turn               (no ring)
MPRegen 0.09/turn               (no ring)
                                (no ring)
                                (no ring)

@: confused
A: almost no armour, amphibious, 8 rings, camouflage 1, gelatinous body 1,
(nimble swimmer 1), tentacles
a: no special abilities


You were on level 3 of the Dungeon.
You visited 1 branch of the dungeon, and saw 3 of its levels.

You collected 698 gold pieces.

Inventory:

Hand Weapons
 a - a +2 dagger (weapon)
Missiles
 b - 11 poisoned darts (quivered)
 c - 3 curare-tipped darts
Jewellery
 h - a +6 ring of intelligence (left tentacle)
 i - a +6 ring of intelligence (right tentacle)
Scrolls
 d - 2 scrolls of acquirement
 g - 2 scrolls of teleportation {unknown}
 j - a scroll of identify {unknown}
 l - a scroll of summoning {unknown}
 m - a scroll of enchant weapon {unknown}
Potions
 e - a potion of might {unknown}
 f - 2 potions of flight {unknown}
 k - a potion of lignification {unknown}


   Skills:
 + Level 2.9 Fighting
 + Level 2.9 Short Blades
 - Level 2.0 Throwing
 - Level 1.0 Dodging
 + Level 6.2 Stealth


You had 3 spell levels left.
You didn't know any spells.
Your spell library contained the following spells:

 Spells                   Type           Power      Damage    Failure   Level
 Sting                    Tmut/Pois      0%         1d3       14%         1
 Poisonous Vapours        Pois/Air       0%         N/A       21%         2
 Olgreb's Toxic Radiance  Pois           0%         N/A       80%         4


Dungeon Overview and Level Annotations

Branches:
Dungeon (3/15)

Altars:


Innate Abilities, Weirdness & Mutations

You cannot wear most types of armour.
You are amphibious.
You can wear up to eight rings at the same time.
Your skin changes colour to match your surroundings (Stealth+).
Your rubbery body absorbs attacks. (AC +1, EV +1)
((You are camouflaged when in or above water. (Stealth+)))
You have tentacles for arms and can constrict up to eight enemies at once.


Message History

You resist with some effort.
You barely miss the orc wizard. Your grab misses the orc wizard.
You squeeze the orc wizard!
The orc wizard is heavily wounded.
The orc wizard points at you and mumbles some strange words.
The puff of flame hits you!
You hit the orc wizard. Your grab misses the orc wizard.
The orc wizard is heavily wounded.
The orc barely misses you. The orc wizard barely misses you.
You hit the orc wizard. You grab the orc wizard.
Your squeeze misses the orc wizard.
The orc wizard is almost dead.
You constrict the orc wizard. The orc closely misses you.
The orc wizard casts a spell at you.
You are confused.
The orc wizard misses you.
You release your grip on the orc wizard.
The orc attacks as you move away! The orc misses you.
You're too confused to move!
The orc closely misses you.
The orc wizard hits you with a +0 dagger.
You're too confused to move!
The orc hits you with a +0 dagger.
The orc wizard hits you with a +0 dagger.
The orc wizard mumbles some strange words.
The orc wizard flickers and vanishes!
Deactivating autopickup; reactivate with Ctrl-A.
You hit the orc wizard but do no damage.
The orc hits you with a +0 dagger.
The orc wizard hits you with a +0 dagger.
You bump into the rock wall.
The orc hits you with a +0 dagger.
* * * LOW HITPOINT WARNING * * *
The orc wizard misses you.
You miss the orc wizard. Your squeeze misses the orc wizard.
The orc hits you with a +0 dagger.
* * * LOW HITPOINT WARNING * * *
The orc wizard closely misses you.
You closely miss the orc. You squeeze the orc!
You kill the orc!
The orc wizard points at you and mumbles some strange words.
The magic dart hits you!
You die...

#########
#<#.#@#.######
###.#.#o).......
#......o).####..
#.#.#.###.#
#...#... ...
#########.### .#
##


You could see an orc wizard and an orc.

Vanquished Creatures
  Jessica (D:2)
  An adder (D:2)
  2 orcs (D:3)
  2 ball pythons (D:1)
  2 bats
  4 endoplasms (D:1)
  2 goblins (D:1)
  3 hobgoblins (D:1)
  2 kobolds (D:1)
  3 quokkas (D:1)
  A frilled lizard (D:1)
  3 rats
26 creatures vanquished.

Notes
Turn   | Place    | Note
-------+----------+-------------------------------------------
     0 | D:1      | Darius099 the Octopode Brigand began the quest for the Orb.
     0 | D:1      | Reached XP level 1. HP: 14/14 MP: 1/1
   350 | D:1      | Reached XP level 2. HP: 19/19 MP: 2/2
   420 | D:1      | Found a faded altar of an unknown god.
  1361 | D:1      | Reached XP level 3. HP: 25/25 MP: 3/3
  1365 | D:1      | Identified 3 scrolls of acquirement
  1365 | D:1      | Acquired 607 gold pieces
  1482 | D:2      | Noticed Jessica
  1486 | D:2      | Killed Jessica
  1487 | D:2      | Reached skill level 6 in Stealth
  1487 | D:2      | Reached XP level 4. HP: 30/30 MP: 4/4
  2072 | D:3      | Killed from afar by an orc wizard

Illustrated notes

Levels and vault maps discovered:
D:1:      minmay_arrival_hallway, layout_loops_corners, basic_ecumenical_altar,
          minmay_unequal
D:2:      layout_loops_ring, uniq_jessica
D:3:      layout_basic, serial_shops, nicolae_shop_advertising_works
          [nicolae_subvault_shop_adworks], minmay_shallow_snake_nest,
          uniq_natasha

Skill      XL: |  1  2  3 |
---------------+----------+-----
Stealth        | 6 |  6.2
Fighting       | |  2.9
Short Blades   | |  2.9
Throwing       | |  2.0
Dodging        | |  1.0

Action                   |  1- 3 |  4- 6 || total
-------------------------+-------+-------++-------
Melee: Dagger            |    39 |     9 ||    48
       Tentacles         |     5 |     3 ||     8
       Constrict         |     5 |     2 ||     7
  Use: Scroll            |     1 |       ||     1
 Stab: Sleeping          |    14 |     2 ||    16
Armor: Skin              |     1 |       ||     1
Dodge: Dodged            |    12 |     8 ||    20
